 Dungeon Crawl Stone Soup version 0.29-a0-221-gceb61267dd (webtiles) character file.

Game seed: 8375932625943479208

8088 mcwallace the Quickloader (level 11, -2/130 HPs)
             Began as a Formicid Hunter on Feb 26, 2022.
             Was a Priest of Okawaru.
             Slain by a wolf (5 damage)
             ... in a Gauntlet.
             The game lasted 00:37:01 (12156 turns).

mcwallace the Quickloader (Formicid Hunter)        Turns: 12156, Time: 00:37:01

Health: -2/130     AC: 29    Str: 16    XL:     11   Next: 49%
Magic:  0/26       EV:  2    Int: 12    God:    Okawaru [***...]
Gold:   382        SH: 22    Dex: 15    Spells: 17/19 levels left

rFire   . . .      SeeInvis .   a - +9 long sword "Coepipn" {flame, Stlth+, long}
rCold   . . .      Faith    .   S - +0 tower shield
rNeg    . . .      Spirit   +   (body armour currently unavailable)
rPois   +          Reflect  .   (helmet unavailable)
rElec   .          Harm     .   (cloak currently unavailable)
rCorr   .          Rampage  .   (gloves currently unavailable)
Will    +....                   (boots currently unavailable)
Stlth   +++.......              L - brooch of Shielding {Spirit SH+8}
HPRegen 0.31/turn               b - ring of magical power
MPRegen 0.20/turn               c - +4 ring of protection

@: tree-form
A: stationary, stasis, torment immunity, boosted hp, permanent stasis, dig
shafts and tunnels, (antennae 3), four strong arms
a: Renounce Religion, Heroism


You were in a Gauntlet.
You worshipped Okawaru.
Okawaru was most pleased with you.
You were a tree.
You visited 3 branches of the dungeon, and saw 11 of its levels.
You also visited: Gauntlet.

You collected 512 gold pieces.
You spent 130 gold pieces at shops.


Innate Abilities, Weirdness & Mutations

You are a tree.
Your roots penetrate the ground, keeping you stationary.
You cannot be teleported.
You are immune to unholy pain and torment.
Your maximum health is greatly increased.
Your equipment is partially melded.
You cannot be hasted, slowed, berserked, paralysed or teleported.
You can dig through walls and to a lower floor.
((You have a pair of large antennae on your head. (SInv)))
Your four strong arms can wield two-handed weapons with a shield.


   Skills:
 + Level 8.4 Fighting
 + Level 8.5 Crossbows
 + Level 7.8 Armour
 + Level 7.0 Dodging
 - Level 2.6 Stealth
 + Level 6.2 Shields
 - Level 4.5 Spellcasting
 - Level 6.0 Poison Magic


You had 17 spell levels left.
You knew the following spells:

 Your Spells              Type           Power      Damage    Failure   Level
a - Poisonous Vapours     Pois/Air       18%        N/A       45%         2

Your spell library contained the following spells:

 Spells                   Type           Power      Damage    Failure   Level
 Magic Dart               Conj           8%         1d3       75%         1
 Mephitic Cloud           Conj/Pois/Air  7%         N/A       83%         3
 Corpse Rot               Necr/Air       4%         N/A       87%         2
 Fireball                 Conj/Fire      1%         3d3       100%        5
 Iskenderun's Battlesphe  Conj           2%         2d6       100%        5
 Manifold Assault         Tloc           2%         N/A       100%        5
 Conjure Ball Lightning   Conj/Air       1%         3x3d6     100%        6
 Orb of Destruction       Conj           1%         9d5       100%        7
 Storm Form               Tmut/Air       1%         N/A       100%        7
 Summon Small Mammal      Summ           Unusable   N/A       N/A         1
 Blink                    Tloc           Unusable   N/A       N/A         2
 Call Imp                 Summ           Unusable   N/A       N/A         2
 Call Canine Familiar     Summ           Unusable   N/A       N/A         3
 Summon Guardian Golem    Hex/Summ       Unusable   N/A       N/A         3
 Malign Gateway           Summ/Tloc      Unusable   N/A       N/A         7
 Summon Horrible Things   Summ           Unusable   N/A       N/A         8

Inventory:

Hand Weapons
 a - the +9 long sword "Coepipn" (weapon) {flame, Stlth+, long}
   (You found it on level 7 of the Dungeon)

   It burns those it strikes, dealing additional fire damage.
   Big, fiery blades are also staple armaments of hydra-hunters.
   Stlth:     It makes you more stealthy.
 i - a +2 hand crossbow of flaming {crossbow}
   (You bought it in a shop on level 3 of the Dungeon)
 P - the +7 broad axe "Agaiphuy" {freeze, rN++ Int-4, axe}
   (You found it on level 6 of the Dungeon)

   It freezes those it strikes, dealing additional cold damage.
   It can also slow down cold-blooded creatures.
   Int:       It affects your intelligence (-4).
   rN:        It greatly protects you from negative energy.
Missiles
 g - 302 stones {throwing}
 s - 10 poisoned darts {throwing}
 t - 6 atropa-tipped darts {throwing}
 F - 3 boomerangs {throwing}
 N - 7 curare-tipped darts (quivered) {=fthrowing}
Armour
 y - a +0 pair of gloves (melded)
   (You found it on level 4 of the Dungeon)
 A - a +0 kite shield
   (You took it off a gnoll sergeant on level 9 of the Dungeon)
 K - the +2 chain mail of Gieneufov {rN+}
   (You found it on level 1 of the Lair of Beasts)

   rN:        It protects you from negative energy.
 M - +0 acid dragon scales (melded)
   (You found it on level 9 of the Dungeon)
 R - a +0 chain mail
   (You took it off an orc on level 6 of the Dungeon)
 S - a +0 tower shield (worn)
   (You found it on level 6 of the Dungeon)
 T - a +0 plate armour
   (You took it off an orc warrior on level 9 of the Dungeon)
 U - a +0 leather armour
   (You took it off an orc on level 7 of the Dungeon)
 X - a +0 ring mail
   (You took it off an orc on level 7 of the Dungeon)
 Y - a +0 robe
   (You took it off a wight on level 6 of the Dungeon)
 Z - a +0 chain mail
   (You took it off an orc on level 7 of the Dungeon)
Jewellery
 b - a ring of magical power (left branch)
   (You found it on level 8 of the Dungeon)
 c - a +4 ring of protection (right branch)
   (You found it on level 8 of the Dungeon)
 f - an amulet of magic regeneration {@e2}
   (You found it on level 1 of the Dungeon)
 r - a ring of poison resistance
   (You found it on level 3 of the Dungeon)
 x - a ring of protection from fire
   (You found it on level 4 of the Dungeon)
 H - a ring of fire
   (You found it on level 5 of the Dungeon)
 L - the brooch of Shielding (around neck) {Spirit SH+8}
   (You found it on level 5 of the Dungeon)

   [amulet of guardian spirit]

   It causes incoming damage to be divided between your reserves of health and
   magic.
   SH:        It affects your SH (+8).
 Q - a ring of resist corrosion
   (You found it in a Gauntlet)
Wands
 q - a wand of acid (10)
   (You found it on level 7 of the Dungeon)
 D - a wand of polymorph (12)
   (You found it on level 5 of the Dungeon)
 G - a wand of flame (10)
   (You found it on level 9 of the Dungeon)
 J - a wand of mindburst (14)
   (You found it on level 5 of the Dungeon)
Scrolls
 d - 2 scrolls of magic mapping {unknown}
 e - a scroll of fear {unknown}
 h - 2 scrolls of enchant armour {unknown}
 j - a scroll of silence {unknown}
 k - 7 scrolls of teleportation {@r4}
 m - a scroll of amnesia {unknown}
 o - a scroll of fog {unknown}
 v - a scroll of immolation {unknown}
 z - 2 scrolls of noise {!r}
 B - a scroll of vulnerability {unknown}
 C - a scroll of brand weapon {unknown}
 O - a scroll of holy word {unknown}
 W - a scroll of blinking {unknown}
Potions
 l - 2 potions of cancellation
 p - 2 potions of berserk rage {unknown}
 u - a potion of lignification {!q}
 w - 3 potions of curing {unknown}
 E - a potion of resistance {unknown}
 I - a potion of mutation {unknown}
 V - 3 potions of brilliance {unknown}

Dungeon Overview and Level Annotations

Branches:
Dungeon (9/15)             Temple (1/1) D:7            Lair (1/6) D:9
Gauntlet (1/1)
    Orc: D:9-12

Altars:
Ashenzari
Cheibriados
Elyvilon
Fedhas
Gozag
Kikubaaqudgha
Nemelex Xobeh
Okawaru
Qazlal
Ru
Sif Muna
Trog
Uskayaw
Wu Jian
Xom
Yredelemnul
Zin
The Shining One

Shops:
D:3 (   D:4 **

Annotations:
D:9 3 runed translucent doors, SirDiesAlot's ghost, novice SpEn Gauntlet 10 transporters, exclusions: ice statue and orange crystal statue

####...################
#≈≈....#©.........©....
#≈..###################
####...#...©#..#..........
#≈≈..♣.#.##.#..#...#≈#≈#..
#≈.....#.##.#..#..P≈≈≈≈≈P.
##....♣.#.h..#..#.♣.#≈#≈#P♣
##≈......###h''..#...≈≈≈≈≈P.
#≈≈.P.P♣.#[♣#.#..#..P#≈#≈#P.
#≈......#!.#©#..#.....P....
##.P♣.#############...♣P..#
##≈....#©....©....©#.......#
#≈≈.###################.####
##≈.##.h#h#2#.##.#.#.##.#..#
##.#.##.#.##.#.#.#.#.#.#.#.
##≈.##..##.##.##.#.#.##.#.#.
#≈≈.##.#©.#.#.#.#©#8#.#.#..#


You could see a hell beast, 2 hell hounds and 2 wolves.


Message History

Your Dodging skill increases to level 7! 😱 MP[+1]
You now have 87 max hp (+4).
Really quaff the potion of lignification?
You turn into a tree.
Your +0 pair of gloves melds into your body.
Your +0 acid dragon scales melds into your body.
Your roots penetrate the ground.
The wolf's soul is no longer bound.
You block the wolf's attack.
The wolf bites you but does no damage. 😱 HP[+1]
You now have 130 max hp (+43).
You barely miss the wolf.
The wolf's soul is no longer bound.
You block the wolf's attack. The wolf bites you but does no damage.
You block the wolf's attack. 😱 HP[+1]
You slash the wolf! You burn the wolf.
The wolf's soul is no longer bound.
You block the wolf's attack. The wolf completely misses you.
You hit the wolf. You burn the wolf. You block the wolf's attack. x2
The wolf bites you but does no damage. 😱 HP[+1] MP[+1]
You closely miss the wolf. You block the wolf's attack.
The wolf bites you but does no damage. You block the wolf's attack.
You hit the wolf. You burn the wolf. You block the wolf's attack. x2
The wolf bites you but does no damage. 😱 HP[+1]
You barely miss the wolf. You block the wolf's attack.
The hell hound stops to sniff the ground.
You block the wolf's attack. x2 😱 HP[+1] MP[+1]
You closely miss the wolf.
The wolf bites you but does no damage. x2
You barely miss the wolf.
The wolf's soul is no longer bound. x2
The wolf bites you.
* * * LOW HITPOINT WARNING * * *
The wolf bites you but does no damage. x2 😱 HP[-2] MP[-2]
You take 2 damage, and now have 4/130 hp.
You lost 2 mp, and now have 2/26 mp.
The hell hound barks!
You hit the wolf. You burn the wolf. You block the wolf's attack.
The wolf bites you but does no damage. x2 😱 MP[+1]
You slash the wolf! You burn the wolf.
You kill the wolf!
Okawaru accepts your kill.
You block the wolf's attack. x2 😱 HP[+1]
You hit the wolf. You burn the wolf. The wolf barely misses you.
The hell hound stops to sniff the ground.
You block the wolf's attack.
The hell hound pauses to sniff the ground.
The wolf completely misses you.
You completely miss the wolf.
You block the wolf's attack. x3 😱 HP[+1] MP[+1]
You slash the wolf! You burn the wolf.
You kill the wolf!
Okawaru accepts your kill. The wolf bites you.
* * * LOW HITPOINT WARNING * * *
You block the wolf's attack. 😱 HP[-3] MP[-2]
You take 3 damage, and now have 3/130 hp.
You lost 2 mp, and now have 2/26 mp.
You completely miss the wolf. You block the wolf's attack.
The hell hound pauses to sniff the ground.
You block the wolf's attack. x2 😱 HP[+1]
You hit the wolf. You burn the wolf.
You kill the wolf!
Okawaru accepts your kill.
You block the wolf's attack. x2 😱 MP[+1]
You slice the wolf!! You burn the wolf.
You kill the wolf!
Okawaru accepts your kill. You block the wolf's attack.
The wolf bites you but does no damage. 😱 HP[+1]
You gain the combat prowess of a mighty hero.
You block the wolf's attack. x2 😱 MP[-2]
You lost 2 mp, and now have 1/26 mp.
You miss the wolf.
You block the wolf's attack. x2 😱 MP[+1]
You barely miss the wolf. You block the wolf's attack. The wolf bites you.
* * * LOW HITPOINT WARNING * * *
😱 HP[-1] MP[-1]
You take 1 damage, and now have 4/130 hp.
You lost 1 mp, and now have 1/26 mp.
You barely miss the wolf. You block the wolf's attack. x2
The wolf barely misses you.
You barely miss the wolf.
You block the wolf's attack. x2 😱 HP[+1]
You completely miss the wolf. You block the wolf's attack. The wolf bites you.
* * * LOW HITPOINT WARNING * * *
😱 HP[-3]
You take 3 damage, and now have 2/130 hp.
You barely miss the wolf. You block the wolf's attack. x2
You closely miss the wolf.
You feel like a meek peon again.
You block the wolf's attack. x2; The wolf bites you.
You die...

Skill      XL: |  1  2  3  4  5  6  7  8  9 10 11 |
---------------+----------------------------------+-----
Dodging        | 2 3 4 5 6 7 |  7.0
Stealth        | 2 |  2.6
Fighting       | 3 4 5 6 7 8 |  8.4
Armour         | 1 2 3 4 5 7 |  7.8
Poison Magic   | 1 2 3 4 6 |  6.0
Spellcasting   | 1 2 3 4 |  4.5
Crossbows      | 5 7 8 |  8.5
Shields        | 2 5 6 |  6.2

Action                   |  1- 3 |  4- 6 |  7- 9 | 10-12 || total
-------------------------+-------+-------+-------+-------++-------
Melee: Broad axe         |       |       |    50 |   120 ||   170
       Long sword        |       |       |    24 |   120 ||   144
 Fire: Hand crossbow     |   108 |    60 |   215 |    13 ||   396
Throw: Dart              |       |    11 |     8 |     1 ||    20
       Stone             |       |     3 |       |       ||     3
Invok: Heroism           |       |       |       |     1 ||     1
 Abil: Dig               |     8 |       |       |       ||     8
  Use: Scroll            |       |     6 |     1 |     1 ||     8
       Potion            |       |       |     1 |     2 ||     3
 Stab: Sleeping          |       |       |       |     2 ||     2
Armor: Leather armour    |    11 |     2 |     4 |       ||    17
       Chain mail        |       |       |    26 |    68 ||    94
       Acid dragon scale |       |       |       |    25 ||    25
       Skin              |       |       |       |    12 ||    12
Dodge: Dodged            |    43 |    13 |    78 |    80 ||   214
Block: Other             |       |       |    38 |       ||    38
       Tower shield      |       |       |    29 |   364 ||   393
       Kite shield       |       |       |       |    19 ||    19

Levels and vault maps discovered:
D:1:      psy_arrival_terrarium, layout_basic
D:2:      layout_rooms, uniq_jessica
D:3:      layout_loops_ring, nicolae_ru_path_of_blood,
          shapermc_ecumenical_altar_notcrosses, serial_shops,
          nicolae_shop_bloodbath_and_beyond, serial_bayou_pond_d,
          grunt_ministairs_12, uniq_sigmund
D:4:      layout_loops_cross, serial_shops, nicolae_stop_n_shop_2, shop_statue,
          minmay_splitting_lines, minmay_misc_feat_hallway,
          minmay_misc_feat_tower, minmay_ogre_servants
D:5:      wad_pebble_path, layout_layer_cave
D:6:      layout_rooms, minmay_tree_intersection
D:7:      layout_cave_pods, minmay_temple_entry_hall
D:8:      minmay_klotski, layout_loops_corners, kennysheep_generic_room_6
D:9:      layout_loops_ring, erik_lair_orcish_takeover, gammafunk_ghost_split,
          uniq_grum, uniq_prince_ribbit1, uniq_psyche
Temple:   compressed_dpeg_triangle_lava_temple
Lair:1:   layout_long_grid, gauntlet_entry_generic, beast_lair_carwin_9,
          uniq_harold, uniq_gastronok
Gauntlet: minmay_gauntlet_77_tree [minmay_gauntlet_arena_77_double_cross,
          minmay_gauntlet_arena_77_run_for_it,
          minmay_gauntlet_arena_77_block_sizes, minmay_gauntlet_arena_77_mess,
          minmay_gauntlet_arena_77_checkered, minmay_gauntlet_arena_77_braids,
          minmay_gauntlet_arena_77_fan, dreamdust_gauntlet_exit_labyrinth]

Notes
Turn   | Place    | Note
-------+----------+-------------------------------------------
     0 | D:1      | mcwallace the Formicid Hunter began the quest for the Orb.
     0 | D:1      | Reached XP level 1. HP: 16/16 MP: 1/1
     0 | D:1      | magus.rc [v1.9.6]
   319 | D:1      | Reached XP level 2. HP: 23/23 MP: 2/2
   408 | D:1      | Reached skill level 2 in Dodging
   561 | D:1      | HP: 3/23 [quokka (4)]
  1041 | D:1      | Reached skill level 2 in Stealth
  1075 | D:1      | Reached XP level 3. HP: 28/28 MP: 3/3
  1407 | D:2      | Noticed Jessica
  1413 | D:2      | Killed Jessica
  1414 | D:2      | Reached skill level 3 in Fighting
  1414 | D:2      | Reached XP level 4. HP: 25/35 MP: 4/4
  1655 | D:3      | Noticed an ogre
  1725 | D:3      | You pick up a book of Vapours and begin reading...
  1725 | D:3      | You add the spells Poisonous Vapours and Corpse Rot to your
                  | library.
  2121 | D:3      | Found Inun's Weapon Boutique.
  2229 | D:3      | Killed an ogre
  2230 | D:3      | Reached skill level 1 in Armour
  2230 | D:3      | Reached skill level 1 in Poison Magic
  2230 | D:3      | Reached XP level 5. HP: 27/41 MP: 4/6
  2547 | D:3      | Noticed Sigmund
  2566 | D:3      | Killed Sigmund
  2567 | D:3      | Reached skill level 2 in Armour
  2567 | D:3      | Reached skill level 3 in Dodging
  2567 | D:3      | Reached skill level 1 in Spellcasting
  2567 | D:3      | Reached skill level 2 in Poison Magic
  2567 | D:3      | Reached XP level 6. HP: 48/48 MP: 6/8
  2691 | D:3      | Found a faded altar of an unknown god.
  2699 | D:3      | You pick up a book of Minor Magic and begin reading...
  2699 | D:3      | You add the spells Magic Dart, Call Imp and Mephitic Cloud
                  | to your library.
  2731 | D:3      | Found a sacrificial altar of Ru.
  2883 | D:3      | Bought a +0 hand crossbow of flaming for 116 gold pieces
  2988 | D:4      | Found Uwkow's Assorted Antiques.
  3197 | D:4      | Noticed an ogre
  3204 | D:4      | Reached XP level 7. HP: 48/53 MP: 9/9
  3214 | D:4      | Reached skill level 5 in Crossbows
  3343 | D:4      | You add the spells Manifold Assault and Storm Form to your
                  | library.
  3366 | D:4      | Reached skill level 4 in Fighting
  3366 | D:4      | Reached skill level 2 in Spellcasting
  3366 | D:4      | Reached skill level 3 in Poison Magic
  3699 | D:4      | Found Nuofemuo's General Store.
  3707 | D:4      | Bought 2 curare-tipped darts for 14 gold pieces
  3716 | D:5      | Entered Level 5 of the Dungeon
  3793 | D:5      | HP: 12/54 [gnoll sergeant/+0 trident (11)]
  3793 | D:5      | HP: 5/54 [gnoll sergeant/+0 trident (7)]
  3990 | D:5      | Reached skill level 3 in Armour
  4215 | D:5      | Reached XP level 8. HP: 22/61 MP: 11/11
  4633 | D:5      | Found the brooch of Shielding {Spirit SH+8}
  4821 | D:5      | Reached skill level 4 in Poison Magic
  4966 | D:5      | Reached skill level 3 in Spellcasting
  5183 | D:5      | Reached skill level 4 in Dodging
  5186 | D:5      | Learned a level 2 spell: Poisonous Vapours
  5646 | D:6      | Identified the +7 broad axe "Agaiphuy" {freeze, rN++ Int-4}
  5764 | D:6      | Reached skill level 5 in Fighting
  5774 | D:6      | Reached skill level 4 in Armour
  5801 | D:6      | Reached XP level 9. HP: 67/68 MP: 12/14
  5918 | D:6      | Reached skill level 6 in Crossbows
  6037 | D:6      | You add the spells Malign Gateway and Summon Horrible
                  | Things to your library.
  6068 | D:6      | Reached skill level 5 in Poison Magic
  6403 | D:6      | Reached skill level 4 in Spellcasting
  6802 | D:7      | Reached skill level 5 in Armour
  6891 | D:7      | Identified the +9 long sword "Coepipn" {flame, Stlth+}
  7044 | D:7      | Reached skill level 6 in Fighting
  7044 | D:7      | Reached skill level 5 in Dodging
  7078 | D:7      | Reached skill level 6 in Poison Magic
  7214 | D:7      | Reached skill level 1 in Shields
  7313 | D:7      | Found a staircase to the Ecumenical Temple.
  7313 | D:7      | Noticed a two-headed ogre
  7326 | D:7      | Killed a two-headed ogre
  7327 | D:7      | Reached skill level 7 in Crossbows
  7327 | D:7      | Reached skill level 2 in Shields
  7327 | D:7      | Reached XP level 10. HP: 28/77 MP: 7/16
  7342 | Temple   | Entered the Ecumenical Temple
  7365 | Temple   | Became a worshipper of Warmaster Okawaru
  8254 | D:8      | Reached skill level 6 in Armour
  8254 | D:8      | Reached skill level 3 in Shields
  8553 | D:8      | You pick up a book of the Spheres and begin reading...
  8553 | D:8      | You add the spells Iskenderun's Battlesphere, Fireball,
                  | Conjure Ball Lightning and Orb of Destruction to your
                  | library.
  8561 | D:8      | Reached skill level 7 in Fighting
  8788 | D:8      | You pick up a book of Callings and begin reading...
  9123 | D:8      | Reached * piety under Okawaru
  9224 | D:8      | Reached skill level 6 in Dodging
  9224 | D:8      | Reached skill level 4 in Shields
  9678 | D:9      | Noticed Psyche
  9766 | D:9      | Killed Psyche
  9882 | D:9      | Noticed a two-headed ogre
  9891 | D:9      | Killed a two-headed ogre
  9891 | D:9      | Reached ** piety under Okawaru
  9892 | D:9      | Reached skill level 7 in Armour
  9892 | D:9      | Reached skill level 5 in Shields
  9892 | D:9      | Reached XP level 11. HP: 85/85 MP: 17/17
  9991 | D:9      | Noticed SirDiesAlot's ghost (novice SpEn)
 10030 | D:9      | Reached skill level 8 in Crossbows
 10048 | D:9      | Found a runed translucent gate.
 10049 | D:9      | Found a runed translucent gate.
 10049 | D:9      | Noticed Prince Ribbit
 10050 | D:9      | Found a runed translucent gate.
 10054 | D:9      | Killed Prince Ribbit
 10082 | D:9      | Found a staircase to the Lair.
 10090 | D:9      | HP: 18/86 [warg (5)]
 10099 | D:9      | Reached skill level 8 in Fighting
 10100 | D:9      | HP: 16/86 [orc priest/divine providence (6)]
 10704 | D:9      | Noticed Grum
 10718 | D:9      | Killed Grum
 11026 | D:9      | Reached *** piety under Okawaru
 11380 | Lair:1   | Entered Level 1 of the Lair of Beasts
 11380 | Lair:1   | Found a gate leading to a gauntlet.
 11392 | Lair:1   | Identified the +2 chain mail of Gieneufov {rN+}
 11442 | Gauntlet | Entered a Gauntlet
 11442 | Gauntlet | Found a transporter.
 11445 | Gauntlet | Found a transporter.
 11447 | Gauntlet | Found a transporter.
 11454 | Gauntlet | Noticed a necromancer
 11466 | Gauntlet | Found a runed translucent gate.
 11466 | Gauntlet | Found a runed translucent gate.
 11469 | Gauntlet | Found a runed translucent gate.
 11469 | Gauntlet | Found a transporter.
 11471 | Gauntlet | Found a transporter.
 11475 | Gauntlet | Noticed a hell beast
 11480 | Gauntlet | Found a transporter.
 11496 | Gauntlet | Found a transporter.
 11498 | Gauntlet | Noticed an orange crystal statue
 11503 | Gauntlet | Noticed a green death
 11506 | Gauntlet | Found a transporter.
 11516 | Gauntlet | Found a transporter.
 11516 | Gauntlet | Noticed a blizzard demon
 11542 | Gauntlet | Found a transporter.
 11543 | Gauntlet | Found a transporter.
 11559 | Gauntlet | Found a transporter.
 11560 | Gauntlet | Found a transporter.
 11672 | Gauntlet | Reached skill level 6 in Shields
 12128 | Gauntlet | HP: 20/86 [necromancer/+0 dagger (2)]
 12130 | Gauntlet | HP: 1/83 [necromancer/bolt of negative energy (13)]
 12131 | Gauntlet | Killed a necromancer
 12132 | Gauntlet | Reached skill level 7 in Dodging
 12140 | Gauntlet | HP: 4/130 [wolf (3)]
 12145 | Gauntlet | HP: 3/130 [wolf (3)]
 12151 | Gauntlet | HP: 4/130 [wolf (2)]
 12156 | Gauntlet | Slain by a wolf

Vanquished Creatures
  2 two-headed ogres
  A necromancer (Gauntlet)
  Psyche (D:9)
  A rime drake (Gauntlet)
  A troll (D:9)
  Prince Ribbit (D:9)
  Sigmund (D:3)
  A shadow (D:8)
  Grum (D:9)
  2 steam dragons
  2 wargs (D:9)
  2 acid dragons (D:9)
  2 water moccasins
  A sky beast (D:7)
  3 ice beasts
  2 orc warriors
  2 black bears
  A necrophage (D:7)
  7 wolves
  5 ogres
  A centaur (D:9)
  5 bullfrogs
  3 gnoll sergeants
  5 scorpions
  7 killer bees (D:8)
  9 wights
  A howler monkey (D:9)
  3 hounds
  2 jellies
  3 orc priests
  Jessica (D:2)
  An iguana (D:5)
  8 orc wizards
  4 adders
  13 gnolls
  2 shadow imps
  A white imp (D:7)
  3 ufetubi
  A worm (D:4)
  3 dart slugs (D:1)
  22 orcs
  5 endoplasms
  3 giant cockroaches (D:3)
  11 goblins
  5 hobgoblins
  4 jackals
  8 quokkas
  3 ball pythons
  3 bats
  2 frilled lizards
  8 kobolds
  2 rats
191 creatures vanquished.

Vanquished Creatures (others)
  A plant (Gauntlet)
1 creature vanquished.

Grand Total: 192 creatures vanquished

Table legend:
 A = Non-vault XP
 B = Vault XP
 C = Vault XP percentage of total XP
 D = Non-vault monster count
 E = Vault monster count
 F = Vault count percentage of total count
                 A         B        C        D         E       F
            +---------+---------+-------+---------+---------+-------
      Total |    7708 |    3847 |  33.3 |     156 |      35 |  18.3
            +---------+---------+-------+---------+---------+-------
        D:1 |      41 |       0 |   0.0 |      21 |       0 |   0.0
        D:2 |      19 |      37 |  66.1 |      11 |       1 |   8.3
        D:3 |     129 |     240 |  65.0 |      11 |       2 |  15.4
        D:4 |     160 |     127 |  44.3 |      12 |       9 |  42.9
        D:5 |     815 |       0 |   0.0 |      16 |       0 |   0.0
        D:6 |    1357 |       0 |   0.0 |      23 |       0 |   0.0
        D:7 |    1763 |       0 |   0.0 |      19 |       0 |   0.0
        D:8 |    1557 |     162 |   9.4 |      30 |       3 |   9.1
        D:9 |    1774 |    1801 |  50.4 |      12 |      14 |  53.8
     Lair:1 |      93 |       0 |   0.0 |       1 |       0 |   0.0
   Gauntlet |       0 |    1480 | 100.0 |       0 |       6 | 100.0
            +---------+---------+-------+---------+---------+-------

Illustrated notes

Table legend:
 A = Kills in this place as a percentage of kills in entire the game.
 B = Kills by you in this place as a percentage of kills by you in the entire game.
 C = Kills by friends in this place as a percentage of kills by friends in the entire game.
 D = Other kills in this place as a percentage of other kills in the entire game.
 E = Experience gained in this place as a percentage of experience gained in the entire game.
 F = Experience gained in this place divided by the number of levels of this place that you have seen.
                   A       B       C       D       E      F
               +-------+-------+-------+-------+-------+----------------------
         Total | 100.0 | 100.0 |   N/A |   N/A | 100.0 | 962.9
       Dungeon |  96.3 |  96.3 |   N/A |   N/A |  86.4 | 1109.1
          Lair |   0.5 |   0.5 |   N/A |   N/A |   0.8 |  93.0
      Gauntlet |   3.1 |   3.1 |   N/A |   N/A |  12.8 | 1480.0
               +-------+-------+-------+-------+-------+----------------------

Table legend: (Time is in decaauts)
 A = Elapsed time spent in this place.
 B = Non-inter-level travel time spent in this place.
 C = Inter-level travel time spent in this place.
 D = Time resting spent in this place.
 E = Time spent auto-exploring this place.
 F = Levels seen in this place.
 G = Mean time per level.
                   A        B        C        D        E       F      G
               +--------+--------+--------+--------+--------+-----+--------+
         Total |  12509 |  11686 |    823 |   1570 |   7752 |  12 | 1042.4 |
       Dungeon |  11665 |  10842 |    823 |   1172 |   7752 |   9 | 1296.1 |
        Temple |     32 |     32 |      0 |      0 |      0 |   1 |   32.0 |
          Lair |     65 |     65 |      0 |      0 |      0 |   1 |   65.0 |
      Gauntlet |    746 |    746 |      0 |    398 |      0 |   1 |  746.0 |
               +--------+--------+--------+--------+--------+-----+--------+

Top non-repeatable levels by time:
     D:5: 2075 daAuts
     D:9: 1726 daAuts
     D:8: 1634 daAuts
     D:7: 1367 daAuts
     D:1: 1173 daAuts
     D:3: 1119 daAuts
     D:6: 954 daAuts
     D:4: 939 daAuts
Gauntlet: 746 daAuts
     D:2: 676 daAuts
  Lair:1: 65 daAuts
  Temple: 32 daAuts
